 Dungeon Crawl Stone Soup version 0.20.1-1-g8b1a95d (webtiles) character file.

27041 lydgate the Blocker (level 13, -6/91 HPs)
             Began as a Gargoyle Fighter on Jan 22, 2018.
             Was a Priest of Kikubaaqudgha.
             Mangled by a wolf simulacrum (10 damage)
             ... in an ice cave on Jan 24, 2018.
             The game lasted 03:18:05 (18791 turns).

lydgate the Blocker (Gargoyle Fighter)             Turns: 18791, Time: 03:18:06

Health: -6/91      AC: 17    Str: 20    XL:     13   Next: 29%
Magic:  32/33      EV: 15    Int: 13    God:    Kikubaaqudgha [***...]
Gold:   796        SH:  0    Dex: 14    Spells: 4/26 levels left

rFire    . . .     SeeInvis .   S - +5 flail
rCold    . . .     Gourm    .   (no shield)
rNeg     + . .     Faith    .   y - +2 robe {Archmagi}
rPois    ∞         Spirit   .   (no helmet)
rElec    +         Reflect  .   T - scarf {cloud immunity}
rCorr    .         Harm     .   b - +2 pair of gloves
MR       +....                  (no boots)
Stlth    +++.......             d - amulet of Vitality {Regen+ HP+15}
Regen    1.1/turn               m - ring of magical power
MPRegen  0.3/turn               w - +2 ring of dexterity

@: no status effects
A: clever 1, magic resistance 1, negative energy resistance 1, regeneration 1,
screaming 1, electricity resistance, unbreathing, petrification resistance, rot
immunity, AC +9
a: Receive Corpses, Renounce Religion


You were in an ice cave.
You worshipped Kikubaaqudgha.
Kikubaaqudgha was most pleased with you.
You were very hungry.

You visited 2 branches of the dungeon, and saw 14 of its levels.
You also visited: Ice Cave.

You collected 864 gold pieces.
You spent 68 gold pieces at shops.

Inventory:

Hand Weapons
 a - a +1 flail of protection
 G - a +3 whip of venom
 R - a +0 flail of draining
 S - a +5 flail (weapon)
 V - a +2 dire flail of holy wrath
 Z - a +1 mace of draining
Missiles
 P - 11 tomahawks (quivered)
Armour
 b - a +2 pair of gloves (worn)
 c - a +0 shield
 p - +0 steam dragon scales
 v - +0 shadow dragon scales
 y - a +2 robe of the Archmagi (worn)
 A - a +1 large shield of protection
 F - the +6 chain mail of the Moons {rF+ Str+3}
   (You found it on level 9 of the Dungeon)

   It affects your strength (+3).
   It protects you from fire.
 T - a scarf of cloud immunity (worn)
Jewellery
 d - the amulet of Vitality (around neck) {Regen+ HP+15}
   (You took it off a vampire on level 9 of the Dungeon)

   [amulet of regeneration]

   It affects your health (+15).
   It increases your rate of regeneration.
 m - a ring of magical power (left hand)
 w - a +2 ring of dexterity (right hand)
 B - the amulet "Zeacs" {RegenMP rN+ Dex+5}
   (You found it on level 10 of the Dungeon)

   [amulet of magic regeneration]

   It increases your magic regeneration.
   It affects your dexterity (+5).
   It protects you from negative energy.
Wands
 k - a wand of paralysis (13/24)
 o - a wand of acid (4/15)
 M - a wand of scattershot (4/9)
 O - a wand of random effects (28/48)
 Q - a wand of paralysis (7/24)
Scrolls
 e - a scroll of remove curse
 g - a scroll of blinking
 h - 3 scrolls of magic mapping
 q - 2 scrolls of amnesia
 u - 6 scrolls of teleportation
 L - 2 scrolls of enchant armour
Potions
 C - 3 potions of magic
 D - 2 potions of mutation
 E - a potion of flight
 H - 3 potions of curing
 K - 2 potions of haste
 X - a potion of ambrosia
Books
 j - the Catalogue of the Entourage
   (You found it on level 9 of the Dungeon)

   Spells                             Type                      Level
   a - Summon Small Mammal            Summoning                    1
   b - Recall                         Summoning/Translocation      3
   c - Malign Gateway                 Summoning/Translocation      7
 l - a book of Changes

   Spells                             Type                      Level
   a - Beastly Appendage              Transmutation                1
   b - Sticks to Snakes               Transmutation                2
   c - Spider Form                    Transmutation/Poison         3
   d - Ice Form                       Ice/Transmutation            4
   e - Blade Hands                    Transmutation                5
 n - a book of Minor Magic

   Spells                             Type                      Level
   a - Magic Dart                     Conjuration                  1
   b - Blink                          Translocation                2
   c - Call Imp                       Summoning                    2
   d - Slow                           Hexes                        2
   e - Conjure Flame                  Conjuration/Fire             3
   f - Mephitic Cloud                 Conjuration/Poison/Air       3
 s - Kikubaaqudgha's Volume of Darkness
   (Kikubaaqudgha gifted it to you on level 5 of the Dungeon)

   Spells                             Type                      Level
   a - Animate Skeleton               Necromancy                   1
   b - Pain                           Necromancy                   1
   c - Corpse Rot                     Necromancy                   2
   d - Vampiric Draining              Necromancy                   3
   e - Control Undead                 Necromancy                   4
 z - a book of Ice

   Spells                             Type                      Level
   a - Ice Form                       Ice/Transmutation            4
   b - Metabolic Englaciation         Hexes/Ice                    5
   c - Ozocubu's Refrigeration        Ice                          6
   d - Bolt of Cold                   Conjuration/Ice              6
   e - Freezing Cloud                 Conjuration/Ice/Air          6
   f - Simulacrum                     Ice/Necromancy               6
 U - a book of the Earth

   Spells                             Type                      Level
   a - Leda's Liquefaction            Hexes/Earth                  4
   b - Bolt of Magma                  Conjuration/Fire/Earth       5
   c - Statue Form                    Transmutation/Earth          6
   d - Iron Shot                      Conjuration/Earth            6
   e - Shatter                        Earth                        9
 W - Kikubaaqudgha's Disquisition on Dark Rites
   (Kikubaaqudgha gifted it to you on level 12 of the Dungeon)

   Spells                             Type                      Level
   a - Excruciating Wounds            Charms/Necromancy            5
   b - Bolt of Draining               Conjuration/Necromancy       5
   c - Cigotuvi's Embrace             Necromancy                   5
   d - Dispel Undead                  Necromancy                   5
   e - Death Channel                  Necromancy                   6
Miscellaneous
 x - a phantom mirror
 I - a lamp of fire
Comestibles
 f - 9 bread rations
 i - 6 meat rations
 r - 16 fruits
 t - 7 royal jellies


   Skills:
 + Level 7.3 Fighting
 + Level 10.0 Maces & Flails
 + Level 2.6 Throwing
 + Level 6.5 Armour
 + Level 5.4 Dodging
 + Level 5.2 Stealth
 * Level 12.2 Shields
 + Level 7.3 Spellcasting
 + Level 2.0 Conjurations
 * Level 0.1 Summonings
 + Level 5.9 Necromancy
 + Level 4.3 Translocations
 + Level 0.4 Transmutations
 + Level 0.6 Evocations


You had 4 spell levels left.
You knew the following spells:

 Your Spells              Type           Power        Failure   Level  Hunger
a - Animate Skeleton      Necr           N/A          1%          1    None
b - Pain                  Necr           ####         1%          1    None
c - Beastly Appendage     Tmut           #.....       12%         1    None
d - Magic Dart            Conj           ###.         6%          1    None
e - Corpse Rot            Necr           N/A          1%          2    #......
f - Vampiric Draining     Necr           ####......   3%          3    ##.....
g - Control Undead        Necr           ####......   13%         4    ####...
h - Blink                 Tloc           N/A          3%          2    #......
i - Recall                Summ/Tloc      N/A          17%         3    ##.....
j - Call Imp              Summ           #.......     21%         2    #......
k - Slow                  Hex            #.......     22%         2    #......


Dungeon Overview and Level Annotations

Branches:
Dungeon (12/15)            Temple (0/1) D:7            Lair (2/6) D:11
  Swamp (0/4) Lair:2          Orc (0/2) D:9
  Snake: Lair:2-4    Spider: Lair:2-4

Altars:
Gozag
Kikubaaqudgha
Okawaru
Trog
Xom

Shops:
D:4 (

Annotations:
Lair:2 Lejonmanen's ghost, journeyman DrWn


Innate Abilities, Weirdness & Mutations

You are resistant to torment.
Your stone body is resilient. (AC +9)
You are immune to poison.
You resist negative energy. (rN+)
You are resistant to electric shocks. (rElec)
You can survive without breathing.
You are immune to petrification.
You are immune to rotting.
Your mind is acute. (Int +2)
You are resistant to hostile enchantments. (MR+)
Your natural rate of healing is unusually fast.
You occasionally shout uncontrollably at your foes.


Message History

Confirm with . or Enter, or press ? or * to list all spells.
Okay, then.
Casting: Blink
Confirm with . or Enter, or press ? or * to list all spells.
You feel a surge of power!
You blink.
The wolf simulacrum barely misses you.
An ice beast comes into view.
The wolf simulacrum misses you.
Casting: Blink
Confirm with . or Enter, or press ? or * to list all spells.
You feel a surge of power!
There is nothing here that can be animated!
Evoke which item? (* to show all) (? for menu, Esc to quit)
Okay, then.
Keep equipping yourself?
The wolf simulacrum bites you.
* * * LOW HITPOINT WARNING * * *
The wolf simulacrum freezes you!
You die...
Kikubaaqudgha rasps: "You have failed me!
Welcome... oblivion!"

#...∩...#
##.....##
##.Z.##
##...#
#..Z##
#...##
##...##
##.Z.#
##@.#
#..##
#..## #..
... ....
.....
..Y...


You could see an ice beast (sleeping), a wolf simulacrum, a death yak simulacrum
and an elephant simulacrum.

Vanquished Creatures
  Nessos (D:12)
  Josephine (D:12)
  Erolcha (D:10)
  The ghost of hilaritas the Spear-Bearer, a journeyman MfGl of Okawaru (D:10)
  2 hydras
  6 two-headed ogres
  The ghost of hilaritas the Covert, a novice OpFi of Dithmenos (D:8)
  Sonja (D:10)
  An unseen horror (D:12)
  An ugly thing (D:12)
  2 cyclopes (D:11)
  2 spiny frogs
  A black mamba (Lair:1)
  A gargoyle (D:9)
  An efreet (D:10)
  A komodo dragon (Lair:1)
  An ice devil (Lair:2)
  3 trolls
  A hornet (D:9)
  2 hippogriffs
  2 wraiths (D:12)
  Eustachio (D:4)
  2 vampires
  21 yaks
  2 vampire mosquitoes (D:12)
  A hungry ghost (D:10)
  A steam dragon (D:10)
  The ghost of jombi the Twirler, an amateur DsGl (D:3)
  2 soldier ants (D:9)
  3 porcupines
  5 orc warriors
  A sky beast (D:8)
  An eye of draining (D:9)
  4 ice beasts
  A necrophage (D:10)
  3 ogres
  3 phantoms
  5 black bears
  8 centaurs
  A crocodile (Lair:1)
  8 bullfrogs
  A gnoll sergeant (D:7)
  7 scorpions
  4 wights
  7 howler monkeys
  7 crimson imps
  2 bullfrog zombies
  2 jellies
  A quasit (D:5)
  2 bullfrog skeletons
  5 hounds
  6 orc priests
  4 centaur skeletons
  13 orc wizards
  10 worker ants
  5 iguanas
  A wolf simulacrum (IceCv)
  A killer bee zombie (D:9)
  A howler monkey skeleton (D:5)
  17 gnolls
  18 adders
  3 shadow imps
  3 oozes
  An adder skeleton (D:4)
  5 worms
  2 dart slugs
  6 leopard geckos
  33 orcs
  6 giant cockroaches
  12 goblins
  13 hobgoblins
  6 jackals
  4 quokkas
  2 ball pythons (D:3)
  13 bats
  10 frilled lizards
  A jackal zombie (D:6)
  5 kobolds
  9 rats
  4 fungi
359 creatures vanquished.

Vanquished Creatures (collateral kills)
  A cyclops (D:11)
  Psyche (D:12)
  A spiny frog (Lair:1)
  A wraith (D:12)
  9 yaks
  2 basilisks (Lair:1)
  A porcupine (D:11)
  A black bear (D:7)
  An orc warrior (D:6)
  2 ice beasts
  A necrophage (D:6)
  An ogre (D:8)
  A centaur (D:9)
  2 bullfrogs
  A scorpion (D:5)
  A bullfrog zombie (D:9)
  3 hounds
  A centaur skeleton (D:9)
  A hound skeleton (D:7)
  A gnoll (D:7)
  A shadow imp (D:11)
  An adder zombie (D:5)
  An adder skeleton (D:9)
  2 orcs
  A bat (D:5)
  A quokka (D:10)
  A fungus (Lair:1)
41 creatures vanquished.

Vanquished Creatures (others)
  An ogre mage (D:10)
  A hornet (D:10)
  A water moccasin (Lair:2)
  2 sky beasts (D:10)
  A hound (D:12)
  A worker ant (D:10)
  An orc wizard (D:10)
  5 fungi
  A plant (D:11)
14 creatures vanquished.

Grand Total: 414 creatures vanquished

Notes
Turn   | Place    | Note
-------+----------+-------------------------------------------
     0 | D:1      | lydgate the Gargoyle Fighter began the quest for the Orb.
     0 | D:1      | Reached XP level 1. HP: 14/14 MP: 1/1
     3 | D:1      | Noticed an electric eel
     3 | D:1      | Noticed an electric eel
   197 | D:1      | Reached XP level 2. HP: 19/19 MP: 2/2
   932 | D:1      | Reached XP level 3. HP: 23/23 MP: 3/3
  1250 | D:2      | Reached skill level 4 in Shields
  1250 | D:2      | Reached XP level 4. HP: 25/28 MP: 4/4
  1502 | D:2      | Reached skill level 1 in Throwing
  1858 | D:2      | Reached XP level 5. HP: 29/32 MP: 5/5
  1949 | D:3      | Found an ancient bone altar of Kikubaaqudgha.
  2315 | D:3      | Noticed jombi's ghost (amateur DsGl)
  2336 | D:3      | Killed jombi's ghost
  2336 | D:3      | Reached skill level 1 in Dodging
  2336 | D:3      | Reached XP level 6. HP: 27/38 MP: 6/6
  2442 | D:3      | Found an iron altar of Okawaru.
  2483 | D:3      | Became a worshipper of Kikubaaqudgha
  3087 | D:4      | Noticed Eustachio
  3161 | D:4      | Killed Eustachio
  3161 | D:4      | Reached skill level 5 in Shields
  3161 | D:4      | Reached XP level 7. HP: 22/42 MP: 7/7
  3437 | D:4      | Learned a level 1 spell: Beastly Appendage
  3666 | D:4      | Found Safupum's Weapon Shoppe.
  3669 | D:4      | Bought a +0 flail of protection for 68 gold pieces
  4068 | D:4      | Reached skill level 5 in Maces & Flails
  4152 | D:5      | Entered Level 5 of the Dungeon
  4748 | D:5      | Reached XP level 8. HP: 44/48 MP: 8/8
  4846 | D:5      | Reached * piety under Kikubaaqudgha
  4846 | D:5      | Identified Kikubaaqudgha's Volume of Darkness (Kikubaaqudgha gifted it to you on level 5 of the Dungeon)
  4846 | D:5      | Received a gift from Kikubaaqudgha
  4852 | D:5      | Learned a level 1 spell: Animate Skeleton
  4971 | D:5      | Reached skill level 1 in Stealth
  5096 | D:5      | Reached skill level 1 in Necromancy
  5101 | D:5      | Reached skill level 1 in Spellcasting
  5234 | D:5      | Reached skill level 6 in Shields
  5375 | D:4      | Learned a level 1 spell: Pain
  5377 | D:4      | Learned a level 1 spell: Beastly Appendage
  5379 | D:4      | Learned a level 1 spell: Magic Dart
  6109 | D:6      | Found a shimmering altar of Xom.
  6137 | D:6      | Learned a level 2 spell: Corpse Rot
  6248 | D:6      | Found an opulent altar of Gozag.
  6366 | D:6      | Reached skill level 1 in Conjurations
  6586 | D:6      | Reached XP level 9. HP: 18/52 MP: 12/12
  6605 | D:6      | Reached ** piety under Kikubaaqudgha
  7082 | D:7      | Found a bloodstained altar of Trog.
  7393 | D:7      | Learned a level 3 spell: Vampiric Draining
  7918 | D:7      | Noticed a two-headed ogre
  8285 | D:7      | Found a staircase to the Ecumenical Temple.
  8327 | D:7      | Reached skill level 5 in Fighting
  8431 | D:7      | Reached skill level 7 in Shields
  8717 | D:7      | Learned a level 4 spell: Control Undead
  8826 | D:8      | Reached XP level 10. HP: 35/59 MP: 17/17
  8867 | D:8      | Noticed hilaritas's ghost (novice OpFi)
  9738 | D:7      | Killed a two-headed ogre
  9738 | D:7      | Reached skill level 5 in Armour
  9738 | D:7      | Reached skill level 5 in Spellcasting
 10007 | D:8      | Killed hilaritas's ghost
 10640 | D:8      | Gained mutation: You possess an exceptional clarity of mind. [mutagenic meat]
 10641 | D:8      | Gained mutation: Armour fits poorly on your strangely shaped body. [mutagenic meat]
 10642 | D:8      | Lost mutation: Armour fits poorly on your strangely shaped body. [potion of mutation]
 10642 | D:8      | Lost mutation: You possess an exceptional clarity of mind. [potion of mutation]
 10642 | D:8      | Gained mutation: You occasionally shout uncontrollably at your foes. [potion of mutation]
 10642 | D:8      | Gained mutation: Your natural rate of healing is unusually fast. [potion of mutation]
 10642 | D:8      | Gained mutation: You are resistant to hostile enchantments. (MR+) [potion of mutation]
 10642 | D:8      | Gained mutation: Your mind is acute. (Int +2) [potion of mutation]
 11163 | D:9      | Learned a level 2 spell: Blink
 11344 | D:9      | Noticed a gargoyle
 11393 | D:9      | Killed a gargoyle
 11393 | D:9      | Reached skill level 8 in Shields
 11562 | D:9      | Reached XP level 11. HP: 51/64 MP: 19/19
 11615 | D:9      | Found a staircase to the Orcish Mines.
 11623 | D:9      | Noticed a two-headed ogre
 11682 | D:9      | Killed a two-headed ogre
 11682 | D:9      | Reached skill level 5 in Stealth
 11796 | D:9      | Identified the Catalogue of the Entourage
 11810 | D:9      | Got a warped chain mail
 11820 | D:9      | Learned a level 3 spell: Recall
 12204 | D:10     | Entered Level 10 of the Dungeon
 12251 | D:10     | Found a transporter.
 12324 | D:10     | Noticed Sonja
 12324 | D:10     | Noticed hilaritas's ghost (journeyman MfGl)
 12414 | D:10     | Killed Sonja
 12414 | D:10     | Reached skill level 9 in Shields
 12456 | D:10     | Identified the +6 chain mail of the Moons {rF+ Str+3} (You found it on level 9 of the Dungeon)
 12579 | D:10     | Noticed Erolcha
 12606 | D:10     | Killed Erolcha
 12712 | D:10     | Learned a level 2 spell: Call Imp
 13106 | D:10     | HP: 1/79 [hilaritas's ghost (9)]
 13351 | D:10     | Noticed a two-headed ogre
 13513 | D:11     | Got a jacinth-encrusted chain mail
 13524 | D:11     | Identified the +1 chain mail "Kovvyen" {rF+} (You found it on level 11 of the Dungeon)
 13922 | D:11     | Noticed a cyclops
 13923 | D:11     | Noticed a cyclops
 13954 | D:11     | Killed a cyclops
 13954 | D:11     | Reached skill level 10 in Shields
 14035 | D:11     | Killed a cyclops
 14136 | D:11     | Reached skill level 5 in Necromancy
 14166 | D:11     | Paralysed by an orc for 7 turns
 14216 | D:11     | Found a staircase to the Lair.
 14260 | D:11     | Noticed a cyclops
 14265 | D:11     | Killed a cyclops
 14583 | D:11     | Noticed a four-headed hydra
 14600 | D:11     | Killed a four-headed hydra
 14600 | D:11     | Reached XP level 12. HP: 52/71 MP: 21/21
 14674 | D:11     | Reached skill level 5 in Dodging
 15529 | D:10     | Noticed an ogre mage
 15531 | D:10     | Noticed a two-headed ogre
 15568 | D:10     | Killed an ogre mage
 15570 | D:10     | Killed a two-headed ogre
 15570 | D:10     | Reached skill level 1 in Translocations
 15594 | D:10     | Got a coiled bone amulet
 15706 | D:10     | Found a transporter.
 15795 | D:10     | Identified the amulet "Zeacs" {RegenMP rN+ Dex+5} (You found it on level 10 of the Dungeon)
 16132 | D:12     | Noticed Psyche
 16226 | D:12     | Killed Psyche
 16255 | D:12     | Noticed a two-headed ogre
 16268 | D:12     | Killed a two-headed ogre
 16268 | D:12     | Reached skill level 11 in Shields
 16357 | D:12     | Noticed Josephine
 16382 | D:12     | Killed Josephine
 16429 | D:12     | Noticed a two-headed ogre
 16451 | D:12     | Killed a two-headed ogre
 16602 | D:12     | Noticed Nessos
 16636 | D:12     | Killed Nessos
 16636 | D:12     | Reached *** piety under Kikubaaqudgha
 16636 | D:12     | Identified Kikubaaqudgha's Disquisition on Dark Rites (Kikubaaqudgha gifted it to you on level 12 of the Dungeon)
 16636 | D:12     | Received a gift from Kikubaaqudgha
 16945 | D:12     | Noticed an eight-headed hydra
 16960 | D:12     | Killed an eight-headed hydra
 17042 | D:11     | Noticed a two-headed ogre
 17055 | D:11     | Killed a two-headed ogre
 17055 | D:11     | Reached XP level 13. HP: 76/76 MP: 23/23
 17633 | D:10     | Killed hilaritas's ghost
 17743 | Lair:1   | Entered Level 1 of the Lair of Beasts
 17806 | Lair:1   | Reached skill level 12 in Shields
 18200 | Lair:1   | Learned a level 2 spell: Slow
 18630 | Lair:2   | Reached skill level 10 in Maces & Flails
 18631 | Lair:2   | Found a staircase to the Swamp.
 18701 | Lair:2   | Found a frozen archway.
 18757 | Lair:2   | Noticed Lejonmanen's ghost (journeyman DrWn)
 18773 | IceCv    | Entered an ice cave
 18785 | IceCv    | HP: 3/91 [elephant simulacrum (23)]
 18791 | IceCv    | HP: 4/91 [wolf simulacrum (6)]
 18791 | IceCv    | Mangled by a wolf simulacrum

Skill      XL: |  1  2  3  4  5  6  7  8  9 10 11 12 13 |
---------------+----------------------------------------+-----
Shields        | 4 5 6 7 8 10 11 12 | 12.2
Throwing       | 1 2 |  2.6
Maces & Flails | 3 4 5 6 7 8 9 10 | 10.0
Armour         | 4 5 6 |  6.5
Dodging        | 1 2 3 4 5 |  5.4
Fighting       | 4 5 6 7 |  7.3
Stealth        | 1 4 5 |  5.2
Necromancy     | 1 3 4 5 |  5.9
Spellcasting   | 2 4 5 6 7 |  7.3
Conjurations   | 1 2 |  2.0
Translocations | 3 4 |  4.3
Summonings     | |  0.1
Transmutations | |  0.4
Evocations     | |  0.6

Action                   |  1- 3 |  4- 6 |  7- 9 | 10-12 | 13-15 || total
-------------------------+-------+-------+-------+-------+-------++-------
Melee: Flail             |    61 |    71 |   490 |   608 |   174 ||  1404
       Whip              |    53 |   233 |    36 |   377 |       ||   699
       Kick              |       |       |     1 |       |       ||     1
       Headbutt          |       |       |     1 |     1 |       ||     2
       Dire flail        |       |       |       |    22 |    23 ||    45
       Mace              |       |       |       |    87 |     3 ||    90
Throw: Stone             |   100 |    99 |     4 |       |       ||   203
       Tomahawk          |       |       |    29 |    18 |       ||    47
       Throwing net      |       |       |       |     1 |     1 ||     2
 Cast: Beastly Appendage |       |       |     3 |     4 |       ||     7
       Animate Skeleton  |       |       |    43 |    83 |    24 ||   150
       Magic Dart        |       |       |    17 |    19 |     4 ||    40
       Pain              |       |       |    10 |     6 |     2 ||    18
       Corpse Rot        |       |       |     4 |     3 |     2 ||     9
       Blink             |       |       |       |     1 |     5 ||     6
       Call Imp          |       |       |       |     7 |       ||     7
       Control Undead    |       |       |       |     8 |       ||     8
       Vampiric Draining |       |       |       |     1 |     4 ||     5
       Slow              |       |       |       |       |     2 ||     2
Invok: Receive Corpses   |       |       |    18 |    16 |     2 ||    36
Evoke: Wand              |       |     3 |     2 |     3 |       ||     8
  Use: Scroll            |     3 |     5 |     6 |    14 |     1 ||    29
       Potion            |     1 |     3 |     8 |     9 |       ||    21
 Stab: Distracted        |       |       |     1 |     5 |     1 ||     7
       Invisible         |       |       |       |     1 |       ||     1
       Paralysed         |       |       |       |     1 |       ||     1
  Eat: Chunk             |     1 |     7 |    22 |    24 |     4 ||    58
       Royal jelly       |       |       |     1 |     2 |     1 ||     4
       Meat ration       |       |       |     1 |     1 |       ||     2
       Bread ration      |       |       |       |     1 |       ||     1
Armor: Scale mail        |    85 |    72 |       |       |       ||   157
       Shadow dragon sca |       |   128 |   166 |    15 |       ||   309
       Skin              |       |       |    43 |     2 |       ||    45
       Robe              |       |       |   131 |    68 |    14 ||   213
       Troll leather arm |       |       |       |   135 |       ||   135
       Chain mail        |       |       |       |   278 |    57 ||   335
       Steam dragon scal |       |       |       |    22 |       ||    22
Dodge: Dodged            |    61 |    74 |   246 |   357 |    56 ||   794
Block: Shield            |   104 |   152 |   347 |   375 |    64 ||  1042
       Large shield      |       |       |       |   412 |    55 ||   467
